Toiletguy Vs Havoc - First Match New Patch!

Match 19500672
End
Vickers Machine Gun Team
Selects Heavy Armor Battlegroup
Royal Engineer Section
Vickers Machine Gun Team
Team Weapon Training
Construct Section Command Post
Dingo Light Scout Car
Construct Platoon Command Post
Selects Light Vehicle Withdraw and Refit
Light Vehicle Withdraw and Refit
Unlock M3 Stuart Light Tanks
M3 Stuart Light Tank
Selects Radio Net
Infantry Section
M3 Stuart Light Tank
Light Vehicle Training
M3 Stuart Light Tank
Infantry Section
Selects Engineer Detachments
Selects Crusader AA Medium Tank
Crusader AA Medium Tank
Royal Engineer Section
Royal Engineer Section
Radio Net
Selects Churchill IV Heavy Tank
Churchill IV Heavy Tank
Light Vehicle Withdraw and Refit
Churchill IV Heavy Tank
Royal Engineer Section
Vickers Machine Gun Team
Construct Field Infirmary
Royal Engineer Section
Selects Recon Artillery
Recon Artillery
Churchill IV Heavy Tank
Recon Artillery
Royal Engineer Section
Royal Engineer Section
Recon Artillery
Royal Engineer Section
Churchill IV Heavy Tank
6-pounder Anti-tank Gun Team
6-pounder Anti-tank Gun Team
Recon Artillery
Royal Engineer Section
Royal Engineer Section
Toiletguy
Havoc
0
0

Comments sign in to comment!

No comments posted yet!